 Dungeon Crawl Stone Soup version 0.30-a0-377-g5cb311bc9f (webtiles) character file.

Game seed: 14248164884998509124

226 qeuew the Trooper (level 5, -15/54 HPs)
             Began as a Demonspawn Chaos Knight on Nov 30, 2022.
             Was a Plaything of Xom.
             Killed from afar by a steam dragon (21 damage)
             ... with a ball of steam
             ... on level 4 of the Dungeon.
             The game lasted 00:02:47 (2161 turns).

qeuew the Trooper (Demonspawn Chaos Knight)         Turns: 2161, Time: 00:02:48

Health: -15/54     AC:  6    Str: 14 (15) XL:     5   Next: 69%
Magic:  5/5        EV: 12    Int: 12 (13) God:    Xom [....*.]
Gold:   171        SH:  0    Dex: 12      Spells: 4/4 levels left

rFire   . . .      SeeInvis .    a - +0 mace (chaos)
rCold   . . .      Faith    .    (no shield)
rNeg    . . .      Spirit   .    b - +3 leather armour
rPois   .          Reflect  .    (helmet restricted)
rElec   .          Harm     .    (no cloak)
rCorr   .          Rampage  .    (no gloves)
Will    .....      Clarity  +    (no boots)
Stlth   +.........               (no amulet)
HPRegen 0.29/turn                (no ring)
MPRegen 0.09/turn                (no ring)

@: no status effects
A: horns 1, ignite blood 1, hooves 1, clarity, mutation resistance 1, robust 3,
noise suppression
a: Renounce Religion


You were on level 4 of the Dungeon.
You worshipped Xom.
You were a beloved toy of Xom.
You visited 1 branch of the dungeon, and saw 4 of its levels.

You collected 171 gold pieces.

Inventory:

Hand Weapons
 a - a +0 mace of chaos (weapon)
Armour
 b - a +3 leather armour (worn)
Wands
 n - a wand of acid (10)
Scrolls
 e - a scroll of enchant weapon
 j - a scroll of enchant armour
Potions
 f - a potion of flight
 h - a potion of ambrosia
Miscellaneous
 c - a piece from Xom's chessboard (15/15) (quivered)


   Skills:
 + Level 3.9 Fighting
 + Level 3.5 Maces & Flails
 + Level 2.9 Armour
 + Level 2.3 Dodging
 + Level 2.2 Evocations


You had 4 spell levels left.
You didn't know any spells.
Your spell library contained the following spells:

 Spells                   Type           Power      Damage    Failure   Level
 Ignite Poison            Fire/Tmut/Pois 0%         N/A       77%         3
 Sticky Flame             Conj/Fire      0%         2d3       99%         4
 Ignition                 Fire           0%         3d3       100%        8


Dungeon Overview and Level Annotations

Branches:
Dungeon (4/15)
 Temple: D:4-7

Altars:

Shops:
D:1 (


Innate Abilities, Weirdness & Mutations

You have a pair of small horns on your head.
Your demonic aura sometimes causes spilled blood to erupt in flames.
You have large cloven feet.
You possess an exceptional clarity of mind.
You are somewhat resistant to further mutation.
You are extremely robust. (+30% HP)
You passively dampen the noise of your surroundings.


Message History

No target in view!
No target in view!
No target in view!
No target in view!
No target in view!
No target in view!
No target in view!
No target in view!
You completely miss something. You kick something.
You hear some strange, mumbled words.
Something tries to affect you, but you resist.
You hit something but do no damage. You kick something.
Something hits you but does no damage. The steam dragon breathes steam at you.
The ball of steam hits you!!
You miss something. Your kick misses something.
You are engulfed in a cloud of scalding steam.
* * * LOW HITPOINT WARNING * * *
Something hits you.
* * * LOW HITPOINT WARNING * * *
Something hits you.
* * * LOW HITPOINT WARNING * * *
Okay, then.
Okay, then.
Unknown command.
You feel much better. Something hits you.
Unknown command.
You hit something but do no damage. Your kick misses something.
Something hits you but does no damage.
You hit something but do no damage.
You hear some strange, mumbled words.
A magic dart appears from out of thin air!
The magic dart hits you. The steam dragon breathes steam at you.
The ball of steam hits you!!
* * * LOW HITPOINT WARNING * * *
The steam dragon breathes steam at you. The ball of steam hits you!!
You die...
Xom bursts into laughter!

... ....> .
.....###. ##
........ .## #####
......)####..##.....
#...§$[<)#........
##...{..@...[......
#....§..§..........
#....§.D..##.......
#..................
#..§.......†#......
#..................
##.......#........#
#.................#
#..................


You could see a steam dragon (catching breath).

Vanquished Creatures
  A jelly (D:4)
  A hound (D:3)
  An orc priest (D:3)
  An orc wizard (D:3)
  An adder (D:3)
  3 worms
  3 orcs
  3 bats
  4 endoplasms
  2 giant cockroaches (D:1)
  6 goblins
  6 hobgoblins
  5 quokkas
  5 ball pythons
  A frilled lizard (D:2)
  9 kobolds
  4 rats
56 creatures vanquished.

Vanquished Creatures (collateral kills)
  An orc priest (D:4)
  3 orcs
  A rat (D:2)
5 creatures vanquished.

Vanquished Creatures (others)
  A bat zombie (D:2)
  A goblin (D:4)
2 creatures vanquished.

Grand Total: 63 creatures vanquished

Notes
Turn   | Place    | Note
-------+----------+-------------------------------------------
     0 | D:1      | qeuew the Demonspawn Chaos Knight began the quest for the
                  | Orb.
     0 | D:1      | Reached XP level 1. HP: 18/18 MP: 1/1
    27 | D:1      | Reached skill level 1 in Dodging
    86 | D:1      | Found Qohuqat's Weapon Emporium.
   138 | D:1      | Gained mutation: You have a pair of small horns on your
                  | head. [demonic ancestry]
   138 | D:1      | Reached XP level 2. HP: 24/24 MP: 2/2
   514 | D:2      | XOM: silly message
   725 | D:2      | Reached skill level 1 in Evocations
   746 | D:2      | Gained mutation: Your demonic aura sometimes causes spilled
                  | blood to erupt in flames. [demonic ancestry]
   746 | D:2      | Reached XP level 3. HP: 29/29 MP: 3/3
   858 | D:2      | XOM: confuse monster(s)
  1197 | D:2      | XOM: god gift: sling {god gift}
  1530 | D:3      | Reached XP level 4. HP: 27/35 MP: 4/4
  1555 | D:3      | XOM: give mutations
  1555 | D:3      | Gained mutation: You are robust. (+10% HP) [Xom's grace]
  1555 | D:3      | Gained mutation: You possess an exceptional clarity of
                  | mind. [Xom's grace]
  1555 | D:3      | Gained mutation: You are very robust. (+20% HP) [Xom's
                  | grace]
  1555 | D:3      | Gained mutation: You are extremely robust. (+30% HP) [Xom's
                  | grace]
  1710 | D:3      | Found a faded altar of an unknown god.
  1715 | D:3      | XOM: cast spell 'Discord'
  1718 | D:3      | Reached XP level 5. HP: 54/54 MP: 5/5
  1737 | D:3      | XOM: noise
  1912 | D:3      | XOM: give mutations
  1912 | D:3      | Gained mutation: You have large cloven feet. [Xom's grace]
  1912 | D:3      | Gained mutation: You passively dampen the noise of your
                  | surroundings. [Xom's grace]
  1912 | D:3      | Gained mutation: You have hidden genetic potential. [Xom's
                  | grace]
  1912 | D:3      | Lost mutation: You have hidden genetic potential. [Xom's
                  | grace]
  1912 | D:3      | Gained mutation: You are somewhat resistant to further
                  | mutation. [Xom's grace]
  1971 | D:4      | Noticed a steam dragon
  2161 | D:4      | Killed from afar by a steam dragon

Illustrated notes

Levels and vault maps discovered:
D:1:      tarquinn_simple_flora_water_f, layout_rooms, serial_shops,
          nicolae_shop_bloodbath_and_beyond, interstate_on_off,
          chequers_serial_rivers_large_a
D:2:      layout_basic
D:3:      layout_rooms, dreamdust_ecumenical_altar_statues, chequers_jeans
D:4:      layout_rooms

Skill      XL: |  1  2  3  4  5 |
---------------+----------------+-----
Dodging        | 1 2 |  2.3
Armour         | 2 |  2.9
Evocations     | 1 2 |  2.2
Maces & Flails | 3 |  3.5
Fighting       | |  3.9

Action                   |  1- 3 |  4- 6 || total
-------------------------+-------+-------++-------
Melee: Mace              |   122 |    54 ||   176
       Headbutt          |    19 |    11 ||    30
       Kick              |       |     9 ||     9
       Punch             |       |     1 ||     1
  Use: Scroll            |     8 |     1 ||     9
       Potion            |     1 |     4 ||     5
 Stab: Paralysed         |     1 |       ||     1
Armor: Leather armour    |    54 |    22 ||    76
Dodge: Dodged            |    83 |    22 ||   105

Table legend: (Time is in decaauts)
 A = Elapsed time spent in this place.
 B = Non-inter-level travel time spent in this place.
 C = Inter-level travel time spent in this place.
 D = Time resting spent in this place.
 E = Time spent auto-exploring this place.
 F = Levels seen in this place.
 G = Mean time per level.
                   A        B        C        D        E       F      G
               +--------+--------+--------+--------+--------+-----+--------+
         Total |   2219 |   2153 |     66 |    171 |   1548 |   4 |  554.8 |
       Dungeon |   2219 |   2153 |     66 |    171 |   1548 |   4 |  554.8 |
               +--------+--------+--------+--------+--------+-----+--------+

Top non-repeatable levels by time:
     D:2: 902 daAuts
     D:3: 711 daAuts
     D:1: 524 daAuts
     D:4: 81 daAuts
